 Dungeon Crawl Stone Soup version 0.28.0 (webtiles) character file.

Game seed: 8605217767940179323

27 tizbic2 the Bolt Thrower (level 3, -12/33 HPs)
             Began as a Naga Hunter on Feb 7, 2022.
             Was a Believer of Nemelex Xobeh.
             Mangled by Crazy Yiuf (14 damage)
             ... on level 2 of the Dungeon.
             The game lasted 00:07:34 (1546 turns).

tizbic2 the Bolt Thrower (Naga Hunter)              Turns: 1546, Time: 00:07:35

Health: -12/33     AC:  2    Str: 16    XL:     3   Next: 10%
Magic:  3/3        EV:  9    Int: 11    God:    Nemelex Xobeh [**....]
Gold:   64         SH:  0    Dex: 11    Spells: 2/2 levels left

rFire   . . .      SeeInvis +   w - +0 hand axe
rCold   . . .      Faith    .   (no shield)
rNeg    . . .      Spirit   .   c - +0 leather armour
rPois   +          Reflect  .   (no helmet)
rElec   .          Harm     .   (no cloak)
rCorr   .          Rampage  .   (no gloves)
Will    .....                   (no barding)
Stlth   +.........              (no amulet)
HPRegen 0.11/turn               (no ring)
MPRegen 0.08/turn               (no ring)

@: lethally poisoned (-12 -> -28), short of breath, very slow
A: AC +1, large, see invisible, deformed body, poison resistance, slowness 2,
spit poison 1, naga tail 1
a: Spit Poison, Renounce Religion, Draw Escape, Draw Destruction, Draw Summoning


You were on level 2 of the Dungeon.
You worshipped Nemelex Xobeh.
Nemelex Xobeh was pleased with you.
You visited 1 branch of the dungeon, and saw 2 of its levels.

You collected 64 gold pieces.

Inventory:

Hand Weapons
 q - a +1 hand crossbow
 w - a +0 hand axe (weapon)
Missiles
 d - 15 bolts
 e - 62 stones
 h - 29 arrows
 i - 2 silver javelins
Armour
 c - a +0 leather armour (worn)
Scrolls
 f - 4 scrolls of teleportation {unknown}
 g - a scroll of identify {unknown}
Potions
 a - a potion of resistance {unknown}
 b - 2 potions of haste {unknown}


   Skills:
 + Level 2.4 Fighting
 + Level 0.4 Axes
 * Level 4.2 Crossbows
 - Level 1.5 Dodging
 - Level 1.5 Stealth


You had 2 spell levels left.
You didn't know any spells.
Your spell library was empty.

Dungeon Overview and Level Annotations

Branches:
Dungeon (2/15)

Altars:
Nemelex Xobeh
Yredelemnul

Annotations:
D:2 Crazy Yiuf


Innate Abilities, Weirdness & Mutations

Your serpentine skin is tough. (AC +1)
You have supernaturally acute eyesight. (SInv)
Armour fits poorly on your strangely shaped body.
Your system is resistant to poisons. (rPois)
You cover ground very slowly.
You can spit poison.
You have a snake-like lower body.


Message History

You shoot a bolt. The bolt hits the rat.
You kill the rat!
d - 15 bolts (gained 1)
You see here a rat corpse.
Found a basalt altar of Yredelemnul.
Found a sapphire potion.
Found 2 orange potions.
a - a sapphire potion
b - 2 orange potions You see here a rat corpse.
You now have 64 gold pieces (gained 11).
Found 2 silver javelins.
You see here 2 silver javelins.
i - 2 silver javelins
Found a mace.
Found a runed translucent door.
Crazy Yiuf shouts!
You open the door.
You draw a card...
You have drawn Pain.
Press: ? - help, Shift-Dir - straight line, f - Crazy Yiuf
Aim: Crazy Yiuf, wielding a +2 quarterstaff of chaos, wearing a +0 cloak and carrying a wand of flame (10) Crazy Yiuf convulses!
Crazy Yiuf zaps a wand.
The puff of flame hits you.
w - a +0 hand axe (weapon)
Crazy Yiuf yells, "Dawk verde arga!"
Crazy Yiuf hits you with a +2 quarterstaff of chaos!
Crazy Yiuf burns you.
Aiming: Spit Poison (2% risk of failure)
Press: ? - help, Shift-Dir - straight line, f/p - Crazy Yiuf
Aim: Crazy Yiuf, wielding a +2 quarterstaff of chaos, wearing a +0 cloak and carrying a wand of flame (9) (heavily wounded, 65% to hit)
The splash of poison hits Crazy Yiuf.
Crazy Yiuf is poisoned.
Crazy Yiuf is heavily wounded.
Crazy Yiuf hits you with a +2 quarterstaff of chaos!
* * * LOW HITPOINT WARNING * * *
You are lethally poisoned!
You draw a card...
You have drawn Velocity.
Nothing appears to happen.
* * * LOW HITPOINT WARNING * * *
You feel very sick.
Crazy Yiuf hits you with a +2 quarterstaff of chaos!
You die...
Your body disappears without a glow.

#.#.############.#
#..........#
...†#### ###
##########.#
.......# #.#
#.####.# ##### #.#
#.# #.# #)..# #.#
#.# #.# #...# #.#
#.####.# ... #.#
.....#.# #g# #.#
####.#.# ♣@♣♣ #.#
#.#.##### ♣♣.♣ #.#
#.......# ♣.♣♣ #.#
#.#.##### ♣♣.♣
#.## ####.#.#####
♣♣.♣♣ #...
.....#.....#
♣♣...♣ ####
#.##########
♣....♣ ..# #....#
### ##..####


You could see Crazy Yiuf (poisoned).

Vanquished Creatures
  A dart slug (D:1)
  3 ball pythons (D:2)
  3 endoplasms
  2 hobgoblins (D:2)
  2 quokkas (D:2)
  4 bats
  8 kobolds
  3 rats
26 creatures vanquished.

Notes
Turn   | Place    | Note
-------+----------+-------------------------------------------
     0 | D:1      | tizbic2 the Naga Hunter began the quest for the Orb.
     0 | D:1      | Reached XP level 1. HP: 19/19 MP: 1/1
   184 | D:1      | Found a faded altar of an unknown god.
   187 | D:1      | Prayed at the altar of an unknown god.
   187 | D:1      | Became a worshipper of Nemelex Xobeh the Trickster
   187 | D:1      | Reached * piety under Nemelex Xobeh
   187 | D:1      | Received a gift from Nemelex Xobeh
   711 | D:1      | Reached XP level 2. HP: 26/26 MP: 2/2
   822 | D:1      | Reached skill level 4 in Crossbows
   972 | D:2      | Received a gift from Nemelex Xobeh
  1193 | D:2      | Reached XP level 3. HP: 32/33 MP: 3/3
  1226 | D:2      | Reached ** piety under Nemelex Xobeh
  1364 | D:2      | Found a basalt altar of Yredelemnul.
  1538 | D:2      | Found a runed translucent door.
  1539 | D:2      | Noticed Crazy Yiuf
  1546 | D:2      | Mangled by Crazy Yiuf

Illustrated notes

Levels and vault maps discovered:
D:1:      dpeg_arrival_leaves_temple_mockup, layout_loops_corners,
          chequers_ecumenical_altar_grove, minmay_misc_feat_rugged,
          chequers_hall_statues_corner_a
D:2:      layout_loops_ring, basic_altar, grunt_ministairs_6,
          uniq_crazy_yiuf_cottage

Skill      XL: |  1  2 |
---------------+-------+-----
Crossbows      | 4 |  4.2
Fighting       | |  2.4
Axes           | |  0.4
Dodging        | |  1.5
Stealth        | |  1.5

Action                   || total
-------------------------++-------
Melee: Hand axe          ||    15
 Fire: Hand crossbow     ||    24
Invok: Draw Destruction  ||     2
       Draw Escape       ||     1
 Abil: Spit Poison       ||    13
Armor: Leather armour    ||     3
Dodge: Dodged            ||    15
